 Dungeon Crawl Stone Soup version 0.27.1-1-g398f81649c (webtiles) character file.

Game seed: 13598881563404704687

4909 Atelerd the Covert (level 10, 0/90 HPs)
             Began as an Octopode Earth Elementalist on Sept 19, 2021.
             Was a Believer of Sif Muna.
             Slain by Harold (2 damage)
             ... on level 7 of the Dungeon on Sept 21, 2021.
             The game lasted 00:30:34 (12879 turns).

Atelerd the Covert (Octopode Earth Elementalist)   Turns: 12879, Time: 00:30:35

Health: 0/90       AC: 25    Str: 13    XL:     10   Next: 51%
Magic:  7/19       EV:  2    Int: 21    God:    Sif Muna [**....]
Gold:   671        SH:  0    Dex: 13    Spells: 7/21 levels left

rFire    . . .     SeeInvis .   v - +3 dagger (venom)
rCold    . . .     Faith    .   (no shield)
rNeg     + + +     Spirit   .   (helmet currently unavailable)
rPois    +         Reflect  .   (no amulet)
rElec    .         Harm     .   s - ring of poison resistance
rCorr    .         Rampage  .   A - +6 ring of strength
Will     .....     NoTele   +   (no ring)
Stlth    ++++......             (no ring)
HPRegen  0.25/turn              (no ring)
MPRegen  0.16/turn              (no ring)
                                (no ring)
                                (no ring)

@: lethally poisoned (0 -> -4), tree-form, marked, hasted, very quick
A: stationary, stasis, torment immunity, boosted hp, almost no armour,
(amphibious), 8 rings, (camouflage 1), (gelatinous body 1), (nimble swimmer 1),
(tentacles)
a: Renounce Religion, Channel Magic


You were on level 7 of the Dungeon.
You worshipped Sif Muna.
Sif Muna was pleased with you.
You were a tree.
You visited 1 branch of the dungeon, and saw 10 of its levels.
You also visited: Sewer.

You collected 671 gold pieces.

Inventory:

Hand Weapons
 a - a +0 dagger
 v - a +3 dagger of venom (weapon)
Missiles
 b - 184 stones
Jewellery
 r - a ring of fire
 s - a ring of poison resistance (left branch)
 A - a +6 ring of strength (right branch)
Wands
 B - a wand of paralysis (7)
Scrolls
 g - 3 scrolls of amnesia
 j - 3 scrolls of enchant armour
 k - a scroll of noise
 m - 2 scrolls of fear
 n - 4 scrolls of blinking {unknown}
 o - 3 scrolls of teleportation
 q - 2 scrolls of fog
 t - 2 scrolls of silence
 y - a scroll of enchant weapon
 z - 2 scrolls of vulnerability
Potions
 d - 2 potions of might
 f - 3 potions of flight
 h - a potion of attraction {unknown}
 i - a potion of haste
 l - 2 potions of lignification
 w - a potion of invisibility {unknown}
 x - a potion of degeneration {unknown}


   Skills:
 - Level 2.0 Fighting
 - Level 2.0 Short Blades
 + Level 5.8 Dodging
 - Level 8.0 Stealth
 + Level 6.3 Spellcasting
 + Level 3.1 Conjurations
 + Level 5.8 Transmutations
 - Level 7.0 Earth Magic
 + Level 6.1 Invocations


You had 7 spell levels left.
You knew the following spells:

 Your Spells              Type           Power      Damage    Failure   Level
a - Sandblast             Erth           72%        2d16      1%          1
b - Iron Shot             Conj/Erth      14%        9d4       87%         6
p - Petrify               Tmut/Erth      33%        N/A       7%          4
r - Stone Arrow           Conj/Erth      56%        3d10      3%          3

Your spell library contained the following spells:

 Spells                   Type           Power      Damage    Failure   Level
 Passwall                 Tmut/Erth      27%        N/A       1%          2
 Dazzling Flash           Conj/Hex       26%        N/A       14%         3
 Iskenderun's Battlesphe  Conj           20%        2d7       56%         5
 Agony                    Necr           6%         N/A       95%         5
 Silence                  Hex/Air        3%         N/A       95%         5
 Spellforged Servitor     Conj/Summ      6%         N/A       100%        7


Dungeon Overview and Level Annotations

Branches:
Dungeon (10/15)            Temple (0/1) D:4             Orc (0/2) D:9
  Sewer (visited)
   Lair: D:8-11

Altars:
Cheibriados
Elyvilon
Hepliaklqana
Makhleb
Nemelex Xobeh
Ru
Sif Muna
Uskayaw
Wu Jian
Yredelemnul
The Shining One

Shops:
D:2 (   D:9 [

Annotations:
D:7 Harold


Innate Abilities, Weirdness & Mutations

You are a tree.
Your roots penetrate the ground, keeping you stationary.
You cannot be teleported.
You are immune to unholy pain and torment.
Your maximum health is greatly increased.
You cannot wear most types of armour.
((You are amphibious.))
You can wear up to eight rings at the same time.
((Your skin changes colour to match your surroundings (Stealth+).))
((Your rubbery body absorbs attacks. (AC +1, EV +1)))
((You are camouflaged near water. (Stealth+)))
((You have tentacles for arms and can constrict up to eight enemies at once.))


Message History

Harold hits you with a +1 dire flail of venom.
* * * LOW HITPOINT WARNING * * *
You feel yourself speed up. Harold hits you but does no damage.
Magic courses through your body.
Casting: Petrify (dangerous; 7% risk of failure)
Confirm with . or Enter, or press ? or * to list all spells.
Aiming: Petrify (dangerous; 7% risk of failure)
Press: ? - help, Shift-Dir - straight line, f/p - Harold
Aim: Harold, wielding a +1 dire flail of venom, wearing a +0 ring mail and quivering 2 throwing nets (chance to affect: 27%) Harold easily resists.
Harold hits you but does no damage.
You are lethally poisoned!
Okay, then.
Okay, then.
You are too injured to fight recklessly!
Okay, then.
Casting: Petrify (dangerous; 7% risk of failure)
Confirm with . or Enter, or press ? or * to list all spells.
Aiming: Petrify (dangerous; 7% risk of failure)
Press: ? - help, Shift-Dir - straight line, f/p - Harold
Aim: Harold, wielding a +1 dire flail of venom, wearing a +0 ring mail and quivering 2 throwing nets (chance to affect: 27%) Harold easily resists.
* * * LOW HITPOINT WARNING * * *
You feel sick. Harold hits you but does no damage.
Casting: Petrify (dangerous; 7% risk of failure)
Confirm with . or Enter, or press ? or * to list all spells.
Aiming: Petrify (dangerous; 7% risk of failure)
Press: ? - help, Shift-Dir - straight line, f/p - Harold
Aim: Harold, wielding a +1 dire flail of venom, wearing a +0 ring mail and quivering 2 throwing nets (chance to affect: 27%) Harold easily resists.
* * * LOW HITPOINT WARNING * * *
You feel sick.
Casting: Petrify (dangerous; 7% risk of failure)
Confirm with . or Enter, or press ? or * to list all spells.
Aiming: Sandblast (safe; 1% risk of failure)
Press: ? - help, Shift-Dir - straight line, f/p - Harold
Aim: Harold, wielding a +1 dire flail of venom, wearing a +0 ring mail and quivering 2 throwing nets (89% to hit)
The blast of sand hits Harold!
Harold is lightly wounded.
Harold hits you with a +1 dire flail of venom.
You die...

#...### ...#
....#
#.#.###.#
#.$.###....##
#.#.........
.. .. .....
.... #### #..
.... #@# ####
#♣# .######.#
........#
.########


You could see Harold.

Vanquished Creatures
  Maurice (D:9)
  Prince Ribbit (D:7)
  Sigmund (D:3)
  A wyvern (D:9)
  4 yaks (D:9)
  Grum (D:9)
  Menkaure (D:4)
  An acid dragon (D:6)
  2 water moccasins
  3 orc warriors
  Purgy (Sewer)
  3 black bears
  2 wolves (D:9)
  An ogre (D:4)
  3 phantoms
  3 kobold brigands
  A bullfrog (D:7)
  2 scorpions (D:5)
  10 killer bees (D:10)
  3 wights (D:9)
  A howler monkey (D:9)
  A bullfrog zombie (D:5)
  A centaur zombie (D:8)
  3 hounds
  3 iron imps (D:3)
  A jelly (D:7)
  A gnoll shaman (D:5)
  4 orc priests
  An iguana (D:5)
  5 orc wizards
  A killer bee zombie (D:8)
  A hound zombie (D:5)
  8 adders
  3 gnolls (D:5)
  2 worms (D:2)
  2 dart slugs
  34 orcs
  6 ball pythons
  4 bats
  5 endoplasms
  6 giant cockroaches
  3 goblins
  9 hobgoblins
  3 jackals (D:1)
  7 quokkas
  7 frilled lizards
  15 kobolds
  7 rats
189 creatures vanquished.

Vanquished Creatures (others)
  3 plants (D:10)
3 creatures vanquished.

Grand Total: 192 creatures vanquished

Notes
Turn   | Place    | Note
-------+----------+-------------------------------------------
     0 | D:1      | Atelerd the Octopode Earth Elementalist began the quest for
                  | the Orb.
     0 | D:1      | Reached XP level 1. HP: 11/11 MP: 3/3
   206 | D:1      | Reached XP level 2. HP: 4/17 MP: 0/5
   847 | D:1      | Reached XP level 3. HP: 17/21 MP: 3/6
   991 | D:1      | Found a faded altar of an unknown god.
  1477 | D:2      | Found Liafu's Antique Weapon Shoppe.
  2094 | D:2      | Reached XP level 4. HP: 27/27 MP: 5/8
  2139 | D:2      | Learned a level 4 spell: Petrify
  3166 | D:3      | Noticed a black bear
  3173 | D:3      | Killed a black bear
  3174 | D:3      | Reached XP level 5. HP: 13/31 MP: 5/10
  3377 | D:3      | Noticed Sigmund
  3384 | D:3      | Killed Sigmund
  3385 | D:3      | Reached XP level 6. HP: 28/36 MP: 2/11
  3465 | D:3      | Found a burning altar of Makhleb.
  3514 | D:3      | Reached skill level 5 in Earth Magic
  3768 | D:3      | Reached XP level 7. HP: 41/41 MP: 11/13
  4546 | D:4      | Noticed Menkaure
  4581 | D:4      | Found a staircase to the Ecumenical Temple.
  4647 | D:4      | Found a glowing drain.
  4661 | Sewer    | Entered a sewer
  4738 | Sewer    | Noticed Purgy
  4769 | Sewer    | Killed Purgy
  5321 | D:4      | Killed Menkaure
  5322 | D:4      | Reached skill level 5 in Spellcasting
  5602 | D:4      | Reached XP level 8. HP: 46/46 MP: 15/15
  5681 | D:4      | Found a shimmering blue altar of Sif Muna.
  5815 | D:4      | Became a worshipper of Sif Muna the Loreminder
  5967 | D:4      | Found a hazy altar of Hepliaklqana.
  5968 | D:4      | Found a sparkling altar of Nemelex Xobeh.
  6198 | D:5      | Entered Level 5 of the Dungeon
  6251 | D:5      | Reached skill level 3 in Stealth
  6383 | D:5      | Reached skill level 4 in Stealth
  6405 | D:5      | Reached skill level 5 in Stealth
  6634 | D:5      | Reached skill level 1 in Fighting
  6698 | D:5      | Reached skill level 1 in Invocations
  6706 | D:5      | Reached skill level 1 in Short Blades
  6915 | D:5      | Found a glowing golden altar of the Shining One.
  6917 | D:5      | Noticed an angel
  7224 | D:5      | Found a basalt altar of Yredelemnul.
  7826 | D:5      | Reached skill level 6 in Stealth
  8013 | D:6      | Reached XP level 9. HP: 39/54 MP: 12/16
  8528 | D:6      | Learned a level 3 spell: Stone Arrow
  8597 | D:7      | Reached skill level 7 in Stealth
  8665 | D:7      | Reached * piety under Sif Muna
  8681 | D:7      | HP: 4/81 [poisoned by an orc]
  8940 | D:7      | Reached skill level 8 in Stealth
  8994 | D:7      | Noticed Prince Ribbit
  9004 | D:7      | Killed Prince Ribbit
  9046 | D:7      | Noticed Harold
  9083 | D:8      | Reached skill level 1 in Conjurations
  9933 | D:8      | Found a sacrificial altar of Ru.
  9933 | D:8      | Found a white marble altar of Elyvilon.
  9934 | D:8      | Found a snail-covered altar of Cheibriados.
 10000 | D:8      | Noticed a boulder beetle
 10292 | D:8      | Found a hide-covered altar of Uskayaw.
 10820 | D:9      | Found a staircase to the Orcish Mines.
 10820 | D:9      | Found Nesk's Armour Boutique.
 10855 | D:9      | Noticed Maurice
 10862 | D:10     | Entered Level 10 of the Dungeon
 11072 | D:10     | Reached skill level 5 in Invocations
 11188 | D:10     | Reached ** piety under Sif Muna
 11194 | D:10     | Reached skill level 5 in Dodging
 11194 | D:10     | Reached XP level 10. HP: 45/60 MP: 11/18
 11195 | D:10     | Reached skill level 5 in Transmutations
 11276 | D:10     | Noticed a kobold demonologist
 11284 | D:10     | Noticed a soul eater
 11468 | D:9      | Learned a level 6 spell: Iron Shot
 11525 | D:9      | Found an ornate altar of the Wu Jian Council.
 11849 | D:9      | Killed Maurice
 12427 | D:9      | Noticed Grum
 12490 | D:9      | Killed Grum
 12871 | D:7      | HP: 3/60 [Harold/harpoon shot (19)]
 12877 | D:7      | HP: 2/90 [poisoned by Harold]
 12879 | D:7      | Slain by Harold

Illustrated notes

Levels and vault maps discovered:
D:1:      roderic_chinese_lattice_arrival, layout_loops_ring,
          basic_ecumenical_altar, minmay_misc_feat_columns
D:2:      layout_basic, serial_shops, shop
D:3:      layout_basic, demons_altar, serial_bayou_pond_c,
          minmay_misc_feat_cross, hangedman_decor_points, uniq_sigmund
D:4:      layout_loops_corners, minitemple, nicolae_sif_muna_little_library,
          minmay_temple_entry_grid, gup_sewer_entry_pipe, uniq_menkaure
D:5:      layout_cave_pools, grunt_temple_overflow_holy_war
D:6:      layout_rooms
D:7:      layout_loops_ring, lightli_corner_chamber, uniq_prince_ribbit1,
          uniq_maggie, uniq_harold
D:8:      layout_loops_cross, nicolae_uskayaw_dance_hall,
          gammafunk_temple_overflow_forgotten, kennysheep_another_room
D:9:      layout_gridville, mainiacjoe_overflow_concentric_impassable,
          orc_david_3, uniq_maurice, uniq_grum
D:10:     nzn_winding_woodlands_medium [nzn_winding_woodlands_hourglass,
          nzn_winding_woodlands_5x15_split_checker,
          nzn_winding_woodlands_5x5_closed_star,
          nzn_winding_woodlands_5x5_perimeter,
          nzn_winding_woodlands_center_lodge,
          nzn_winding_woodlands_5x5_checkerboard,
          nzn_winding_woodlands_5x5_default,
          nzn_winding_woodlands_5x15_pathside_ponds,
          nzn_winding_woodlands_5x5_cross], layout_loops_ring,
          lemuel_round_altar, kiku_gazebo_pond_becter, skrybe_limestone_x,
          small_statue_alley_b

Skill      XL: |  1  2  3  4  5  6  7  8  9 10 |
---------------+-------------------------------+-----
Transmutations | 2 3 4 5 |  5.8
Spellcasting   | 3 4 5 6 |  6.3
Earth Magic    | 4 5 6 7 |  7.0
Stealth        | 6 8 |  8.0
Fighting       | 2 |  2.0
Invocations    | 2 5 6 |  6.1
Short Blades   | 2 |  2.0
Dodging        | 3 5 |  5.8
Conjurations   | 2 3 |  3.1

Action                   |  1- 3 |  4- 6 |  7- 9 | 10-12 || total
-------------------------+-------+-------+-------+-------++-------
Melee: Dagger            |    64 |    27 |   194 |    39 ||   324
       Unarmed           |     2 |       |       |       ||     2
       Tentacles         |    11 |     5 |    31 |    14 ||    61
       Constrict         |    17 |     8 |    34 |     4 ||    63
 Cast: Sandblast         |    19 |    32 |    83 |    34 ||   168
       Petrify           |       |       |    33 |    29 ||    62
Invok: Channel Magic     |       |       |       |     1 ||     1
  Use: Scroll            |       |       |     6 |     8 ||    14
       Potion            |       |       |     5 |     6 ||    11
 Stab: Sleeping          |    10 |     6 |    13 |       ||    29
       Petrified         |       |       |    49 |    17 ||    66
       Distracted        |       |       |     1 |       ||     1
       Petrifying        |       |       |     3 |     1 ||     4
Armor: Skin              |     7 |     3 |    15 |     5 ||    30
Dodge: Dodged            |    59 |    22 |   120 |    20 ||   221
